 Dungeon Crawl Stone Soup version 0.28.0-45-g0d030f2227 (webtiles) character file.

Game seed: 15351868358059232632

231 MisterFreud the Changer (level 5, -6/42 HPs)
             Began as a Draconian Transmuter on May 2, 2022.
             Mangled by a shadow (9 damage)
             ... on level 5 of the Dungeon.
             The game lasted 00:06:00 (3799 turns).

MisterFreud the Changer (Draconian Transmuter)      Turns: 3799, Time: 00:06:00

Health: -6/42      AC: 10    Str: 12    XL:     5   Next: 72%
Magic:  5/8        EV: 19    Int: 15    God:
Gold:   152        SH:  0    Dex: 17    Spells: 2/8 levels left

rFire   . . .      SeeInvis .     - Unarmed
rCold   . . .      Faith    .   (shield currently unavailable)
rNeg    . . .      Spirit   .   (armour unavailable)
rPois   x          Reflect  .   (helmet currently unavailable)
rElec   .          Harm     .   (cloak currently unavailable)
rCorr   .          Rampage  .   (gloves currently unavailable)
Will    .....                   (boots currently unavailable)
Stlth   ++........              (no amulet)
HPRegen 0.14/turn               b - +4 ring of protection
MPRegen 0.11/turn               c - +4 ring of protection

@: spider-form
A: venomous fangs, AC +5, tiny, unfitting armour, (cold-blooded)
a: End Transformation


You were on level 5 of the Dungeon.
You were a venomous arachnid creature.
You visited 1 branch of the dungeon, and saw 5 of its levels.
You also visited: Sewer.

You collected 152 gold pieces.

Inventory:

Missiles
 j - 15 poisoned darts
 n - a boomerang
Armour
 k - a +1 pair of boots (melded)
Jewellery
 b - a +4 ring of protection (left front leg)
 c - a +4 ring of protection (right front leg)
 d - a ring of protection from fire
 e - a +4 ring of evasion
 f - a ring of protection from cold
 g - an amulet of faith
 r - a +6 ring of strength
Wands
 p - a wand of mindburst (8)
Scrolls
 h - 3 scrolls of teleportation {unknown}
 s - a scroll of fear {unknown}
 t - a scroll of identify
 u - a scroll of fog {unknown}
 w - a scroll of enchant weapon {unknown}
 x - 2 scrolls of enchant armour
Potions
 a - 4 potions of mutation
 i - 2 potions of lignification
 l - a potion of attraction
 m - a potion of might
 o - 2 potions of curing
 q - a potion of degeneration {unknown}
 v - a potion of haste {unknown}


   Skills:
 + Level 2.7 Fighting
 - Level 1.7 Dodging
 + Level 3.8 Unarmed Combat
 - Level 2.0 Spellcasting
 - Level 5.0 Transmutations


You had 2 spell levels left.
You knew the following spells:

 Your Spells              Type           Power      Damage    Failure   Level
a - Beastly Appendage     Tmut           32%        N/A       10%         1
b - Wereblood             Tmut           16%        N/A       13%         2
c - Spider Form           Tmut/Pois      9%         N/A       45%         3

Your spell library contained the following spells:

 Spells                   Type           Power      Damage    Failure   Level
 Ice Form                 Ice/Tmut       9%         N/A       80%         4
 Summon Forest            Summ/Tloc      0%         N/A       100%        5
 Summon Mana Viper        Hex/Summ       1%         N/A       100%        5
 Summon Cactus Giant      Summ           0%         N/A       100%        6


Dungeon Overview and Level Annotations

Branches:
Dungeon (5/15)              Sewer (visited)
 Temple: D:4-7

Altars:

Shops:
D:2 :


Innate Abilities, Weirdness & Mutations

You are a venomous arachnid creature.
You have poisonous fangs.
You are tiny and dextrous.
Your spellcasting is less reliable in this form.
Your armour is entirely melded.
You are incapable of wielding weapons or throwing items.
((Your plain brown scales are hard. (AC +5)))
You cannot fit into any form of body armour.
((You are cold-blooded and may be slowed by cold attacks.))


Message History

The shadow is almost destroyed.
The shadow barely misses you.
You barely miss the shadow.
The shadow is almost destroyed.
The shadow slips into darkness.
The shadow flickers and vanishes!
Deactivating autopickup; reactivate with Ctrl-A.
You hit something but do no damage.
Your transformation has ended.
Your +1 pair of boots unmelds from your body.
The shadow strikes at you from the darkness!
* * * LOW HITPOINT WARNING * * *
Reactivating autopickup.
You hit the shadow but do no damage.
The shadow is almost destroyed.
The shadow closely misses you.
You completely miss the shadow.
The shadow is almost destroyed.
The shadow closely misses you.
You hit the shadow but do no damage.
Your tail-slap misses the shadow.
The shadow is almost destroyed.
The shadow hits you.
* * * LOW HITPOINT WARNING * * *
Unknown command.
It was a potion of curing.
You feel better. The shadow hits you.
Casting: Spider Form (quite dangerous; 24% risk of failure)
Confirm with . or Enter, or press ? or * to list all spells.
The spell is quite dangerous to miscast (24% risk of failure)!
Continue anyway?
You turn into a venomous arachnid creature.
Your +1 pair of boots melds into your body.
The shadow hits you!
* * * LOW HITPOINT WARNING * * *
You hit the shadow.
The shadow is almost destroyed.
The shadow slips into darkness.
The shadow flickers and vanishes!
Deactivating autopickup; reactivate with Ctrl-A.
You hit something but do no damage.
The shadow strikes at you from the darkness!
You die...

# # #. #.#. #
.#.... .# ......#
#.# ..{....#.#
..##.# #>##{# .#
#.##s# )# #.##.#
.# #.##.#
.#.####.##.#
.#.........#
######>#......####
.......##.##..#
..........##..#
#####..#####..#


There were no monsters in sight!

Vanquished Creatures
  A jelly (D:4)
  An iguana (D:4)
  7 adders
  3 river rats (Sewer)
  A worm (D:5)
  2 dart slugs
  7 orcs (D:4)
  3 endoplasms
  7 goblins
  4 hobgoblins
  10 jackals
  3 kobolds
  2 quokkas
  6 ball pythons
  4 bats
  7 frilled lizards
  8 rats
76 creatures vanquished.

Notes
Turn   | Place    | Note
-------+----------+-------------------------------------------
     0 | D:1      | MisterFreud the Draconian Transmuter began the quest for
                  | the Orb.
     0 | D:1      | Reached XP level 1. HP: 16/16 MP: 3/3
   272 | D:1      | Reached XP level 2. HP: 23/23 MP: 3/5
   751 | D:1      | Found a faded altar of an unknown god.
   919 | D:3      | Learned a level 2 spell: Wereblood
   930 | D:2      | Reached skill level 3 in Transmutations
   994 | D:2      | Reached XP level 3. HP: 18/28 MP: 3/6
  1156 | D:2      | Found Loxalog's Book Emporium.
  1610 | D:3      | Reached skill level 4 in Transmutations
  2214 | D:4      | Reached XP level 4. HP: 30/35 MP: 7/7
  2218 | D:4      | Learned a level 3 spell: Spider Form
  2575 | D:4      | Reached skill level 5 in Transmutations
  2989 | D:4      | Reached XP level 5. HP: 39/40 MP: 3/8
  3104 | D:5      | Entered Level 5 of the Dungeon
  3127 | D:5      | Found a glowing drain.
  3146 | Sewer    | Entered a sewer
  3766 | D:5      | Noticed a shadow
  3799 | D:5      | Mangled by a shadow

Illustrated notes

Levels and vault maps discovered:
D:1:      roderic_octagonal_star, layout_basic, shapermc_ecumenical_altar_petra,
          serial_bayou_lagoon_a, chequers_serial_rivers_small_a
D:2:      layout_basic, serial_shops, nicolae_shop_window_shopping
D:3:      layout_basic
D:4:      layout_gridville, grunt_ministairs_3, minmay_strange_pillars
D:5:      layout_loops_ring, portal_sewer_entry_a,
          kennysheep_opposing_triangles, uniq_grinder

Skill      XL: |  1  2  3  4  5 |
---------------+----------------+-----
Transmutations | 3 4 5 |  5.0
Fighting       | 2 |  2.7
Dodging        | |  1.7
Unarmed Combat | |  3.8
Spellcasting   | |  2.0

Action                   |  1- 3 |  4- 6 || total
-------------------------+-------+-------++-------
Melee: Unarmed           |   113 |   132 ||   245
       Headbutt          |     8 |     2 ||    10
       Kick              |    22 |     4 ||    26
       Punch             |     2 |       ||     2
       Tailslap          |     4 |     3 ||     7
 Cast: Beastly Appendage |    14 |     6 ||    20
       Wereblood         |     3 |       ||     3
       Spider Form       |       |     9 ||     9
  Use: Scroll            |     4 |     2 ||     6
       Potion            |       |     1 ||     1
 Stab: Sleeping          |     2 |       ||     2
Armor: Skin              |    51 |    47 ||    98
Dodge: Dodged            |    73 |    74 ||   147
